 Dungeon Crawl Stone Soup version 0.20.0-3-g22ec75f (webtiles) character file.

4 RKaid the Vexing (level 1, -1/11 HPs)
             Began as a Deep Elf Arcane Marksman on May 26, 2017.
             Slain by an ooze (2 damage)
             ... on level 1 of the Dungeon.
             The game lasted 00:02:07 (428 turns).

RKaid the Vexing (Deep Elf Arcane Marksman)          Turns: 428, Time: 00:02:07

Health: -1/11      AC:  2    Str:  7    XL:     1   Next: 50%
Magic:  5/5        EV: 13    Int: 17    God:
Gold:   14         SH:  0    Dex: 15    Spells: 2/3 levels left

rFire    . . .     SeeInvis .   a - +0 shortbow
rCold    . . .     Gourm    .   (shield currently unavailable)
rNeg     . . .     Faith    .   e - +0 robe
rPois    .         Spirit   .   (no helmet)
rElec    .         Reflect  .   (no cloak)
rCorr    .         Harm     .   (no gloves)
MR       .....                  (no boots)
Stlth    +.........             (no amulet)
Regen    0.1/turn               (no ring)
MPRegen  0.1/turn               (no ring)

@: no status effects
A: no striking features
a: no special abilities


You were on level 1 of the Dungeon.
You were not hungry.

You visited 1 branch of the dungeon, and saw 1 of its levels.

You collected 14 gold pieces.

Inventory:

Hand Weapons
 a - a +0 shortbow (weapon)
 b - a +0 short sword
   (You took it off a kobold on level 1 of the Dungeon)
Missiles
 d - 14 arrows (quivered)
Armour
 e - a +0 robe (worn)
Potions
 g - a potion of heal wounds {unknown}
Books
 c - a book of Debilitation
Comestibles
 f - 2 bread rations
 h - a chunk of flesh


   Skills:
 - Level 0.7 Fighting
 * Level 2.1 Bows
 - Level 2.4 Dodging
 + Level 1.8 Spellcasting
 + Level 4.2 Hexes


You had 2 spell levels left.
You knew the following spells:

 Your Spells              Type           Power        Failure   Level  Hunger
a - Corona                Hex            ###....      3%          1    #......


Dungeon Overview and Level Annotations

Branches:
Dungeon (1/15)

Altars:


Message History

Aim: a kobold, wielding a short sword (moderately wounded, chance to defeat MR: 69%)
The kobold is outlined in light.
The kobold hits you with a short sword!
Ouch! That really hurt!
* * * LOW HITPOINT WARNING * * *
Unknown command.
You are too injured to fight recklessly!
Firing (i - inventory):
d - 15 arrows (quivered)
Press: ? - help, Shift-Dir - straight line, f/p - kobold
Aim: a kobold, wielding a short sword (moderately wounded, softly glowing)
You shoot an arrow. The arrow closely misses the kobold.
The kobold hits you but does no damage.
Firing (i - inventory):
d - 14 arrows (quivered)
Press: ? - help, Shift-Dir - straight line, f/p - kobold
Aim: a kobold, wielding a short sword (moderately wounded, softly glowing)
You shoot an arrow. The arrow hits the kobold!
You kill the kobold!
d - 14 arrows (gained 1)
Things that are here:
a short sword; a kobold corpse
g - a short sword Adjust (i)tems, (s)pells, or (a)bilities?
Adjust which item? (? for menu, Esc to quit)
g - a short sword Adjust to which letter? (? for menu, Esc to quit)
b - a short sword;
g - an emerald potion You start resting.
There is a stone staircase leading down here.
d - 15 arrows (gained 1)
d - 16 arrows (gained 1)
d - 17 arrows (gained 1)
d - 18 arrows (gained 1)
A hobgoblin comes into view. It is wielding a club.
Casting: Corona
Confirm with . or Enter, or press ? or * to list all spells.
Aiming: Corona
Press: ? - help, Shift-Dir - straight line, f - hobgoblin
Aim: a hobgoblin, wielding a club (chance to defeat MR: 69%)
The hobgoblin barely resists.
Firing (i - inventory):
d - 18 arrows (quivered)
Press: ? - help, Shift-Dir - straight line, f/p - hobgoblin
Aim: a hobgoblin, wielding a club You shoot an arrow.
The arrow hits the hobgoblin.
Firing (i - inventory):
d - 17 arrows (quivered)
Press: ? - help, Shift-Dir - straight line, f/p - hobgoblin
Aim: a hobgoblin, wielding a club (moderately wounded)
You shoot an arrow. The arrow hits the hobgoblin.
You kill the hobgoblin!
d - 17 arrows (gained 1)
Things that are here:
a club; a hobgoblin corpse
d - 18 arrows (gained 1)
You start resting.
You butcher the hobgoblin corpse.
h - a chunk of flesh
Things that are here:
a club; a hobgoblin skeleton
Things that are here:
a club; a hobgoblin skeleton An ooze comes into view.
The ooze quivers.
Firing (i - inventory):
d - 18 arrows (quivered)
Press: ? - help, Shift-Dir - straight line, f - ooze
Aim: an ooze You shoot an arrow.
The arrow barely misses the ooze.
The ooze jiggles.
Firing (i - inventory):
d - 17 arrows (quivered)
Press: ? - help, Shift-Dir - straight line, f/p - ooze
Aim: an ooze You shoot an arrow.
The arrow hits the ooze.
The ooze hits you.
b - a +0 short sword (weapon)
You hit the ooze. The ooze hits you.
You hit the ooze. The ooze closely misses you. The ooze hits you.
You barely miss the ooze. The ooze hits you.
You hit the ooze. The ooze hits you.
* * * LOW HITPOINT WARNING * * *
Things that are here:
a club; a hobgoblin skeleton You see here a chain mail.
You see here a chain mail.
You see here a chain mail.
The ooze barely misses you.
You see here a chain mail.
You see here a chain mail.
You see here a chain mail.
The ooze hits you.
* * * LOW HITPOINT WARNING * * *
You see here a chain mail.
a - a +0 shortbow (weapon)
You are too injured to fight recklessly!
Firing (i - inventory):
d - 16 arrows (quivered)
Press: ? - help, Shift-Dir - straight line, f/p - ooze
Aim: an ooze (moderately wounded)
You shoot an arrow.
The arrow hits the ooze but does no damage.
The ooze barely misses you.
Firing (i - inventory):
d - 15 arrows (quivered)
Press: ? - help, Shift-Dir - straight line, f/p - ooze
Aim: an ooze (moderately wounded)
You shoot an arrow. The arrow hits the ooze.
The ooze hits you.
You die...

#.. #.#.# ###.## #.#.# #...(.
#.#.# #.....###.#.# #####
#......#.###...##
#.##.###.#.##.....## # #.##.
#.#.##......# .# #.###
#)#.##......#..# ##.##
#..@......#.#..# ##...##
###J###...#....## ##..⌠..##
#.##..#........
####.......#####..[.....#####.
.....⌠.<.⌠.....+.##.#.#.#
####.......#####....#.#.#
##..⌠..#####..####.#.#
##...##.....## #.#.#
##.##.......## #.#.###.#


You could see an ooze.

Vanquished Creatures
  2 hobgoblins (D:1)
  A kobold (D:1)
3 creatures vanquished.

Notes
Turn   | Place    | Note
-------+----------+-------------------------------------------
     0 | D:1      | RKaid the Deep Elf Arcane Marksman began the quest for the Orb.
     0 | D:1      | Reached XP level 1. HP: 11/11 MP: 5/5
   352 | D:1      | HP: 1/11 [ooze (4)]
   420 | D:1      | HP: 1/11 [ooze (2)]
   428 | D:1      | Slain by an ooze

Action                   || total
-------------------------++-------
Melee: Short sword       ||     4
 Fire: Shortbow          ||    14
 Cast: Corona            ||     3
Dodge: Dodged            ||     4

Table legend:
 A = Turns spent in this place as a percentage of turns spent in the entire game.
 B = Non-inter-level travel turns spent in this place as a percentage of non-inter-level travel turns spent in the entire game.
 C = Inter-level travel turns spent in this place as a percentage of turns spent in this place.
 D = Turns resting spent in this place as a percentage of non-inter-level travel turns spent in this place.
 E = Turns spent auto-exploring this place as a percentage of non-inter-level travel turns spent in this place.
 F = Non-inter-level travel turns spent in this place divided by the number of levels of this place that you've seen.
                   A       B       C       D       E      F
               +-------+-------+-------+-------+-------+----------------------
         Total | 100.0 | 100.0 |   0.0 |   2.4 |   1.8 | 165.0
       Dungeon | 100.0 | 100.0 |   0.0 |   2.4 |   1.8 | 165.0
               +-------+-------+-------+-------+-------+----------------------

Table legend:
 A = Kills in this place as a percentage of kills in entire the game.
 B = Kills by you in this place as a percentage of kills by you in the entire game.
 C = Kills by friends in this place as a percentage of kills by friends in the entire game.
 D = Other kills in this place as a percentage of other kills in the entire game.
 E = Experience gained in this place as a percentage of experience gained in the entire game.
 F = Experience gained in this place divided by the number of levels of this place that you have seen.
                   A       B       C       D       E      F
               +-------+-------+-------+-------+-------+----------------------
         Total | 100.0 | 100.0 |  -nan |  -nan | 100.0 |   6.0
       Dungeon | 100.0 | 100.0 |  -nan |  -nan | 100.0 |   6.0
               +-------+-------+-------+-------+-------+----------------------
